cohdb
Replays
Latest Replays
All Replays
Popular Replays
Top Player Replays
Match Explorer
How It Works
Community
CoH3 Stats
Reddit
Sign in to upload your games and track your stats! →
Sign in with Steam
Match 45263737
Unlisted
Match 45263737
Overview
Messages
Build Orders
End
Selects Canadian Shock Battlegroup
Selects Canadian Shock Battlegroup
Vickers Machine Gun Team
Construct Section Command Post
Dingo Light Scout Car
Infantry Section
Infantry Section
Selects Offensive Resupply
Selects Canadian Shock Section
Selects Offensive Resupply
Selects Canadian Shock Section
Canadian Shock Section
Freeze
KoMoDЫ4
Hauptmann GLIST
Thrusher
Koldit
[VN]Valkyrie
0
0
Comments
sign in to comment!
No comments posted yet!